 Dungeon Crawl Stone Soup version 0.24-a0-500-g46574c2197 (webtiles) character file.

Game seed: 3898401968208759705

680 tilp the Gusty (level 7, -4/43 HPs)
             Began as a Tengu Air Elementalist on July 15, 2019.
             Slain by a centaur skeleton (7 damage)
             ... on level 5 of the Dungeon.
             The game lasted 00:17:28 (4085 turns).

tilp the Gusty (Tengu Air Elementalist)             Turns: 4085, Time: 00:17:29

Health: -4/43      AC:  3    Str:  7 (8)  XL:     7   Next: 60%
Magic:  11/14      EV: 15    Int: 16 (18) God:
Gold:   242        SH:  0    Dex: 14      Spells: 8/14 levels left

rFire    . . .     SeeInvis .   y - +2 spear (freeze)
rCold    . . .     Gourm    .   (no shield)
rNeg     . . .     Faith    .   u - +0 leather armour {rPois}
rPois    +         Spirit   .   (helmet restricted)
rElec    .         Reflect  .   (no cloak)
rCorr    .         Harm     .   (no gloves)
MR       .....                  (boots unavailable)
Stlth    ++........             (no amulet)
HPRegen  0.14/turn              (no ring)
MPRegen  0.14/turn              (no ring)

@: flying quickly and evasively, quick
A: beak, talons 3, deterioration 1, poison resistance, able to fly
a: Stop Flying


You were on level 5 of the Dungeon.
You were not hungry.

You visited 1 branch of the dungeon, and saw 5 of its levels.

You collected 242 gold pieces.

Inventory:

Hand Weapons
 a - a +0 short sword of draining
 r - a +0 dagger of flaming
 y - a +2 spear of freezing (weapon)
 B - a +1 dagger of venom
Missiles
 n - 8 boomerangs
 o - 17 poisoned darts (quivered)
 w - 6 silver javelins
Armour
 u - a +0 leather armour of poison resistance (worn)
Jewellery
 j - an uncursed ring of ice {unknown}
 l - an uncursed ring of ice {unknown}
Wands
 s - a wand of iceblast (9)
Scrolls
 d - 2 scrolls of teleportation
 i - a scroll of fear {unknown}
 m - a scroll of magic mapping {unknown}
 q - a scroll of noise {unknown}
 t - a scroll of amnesia {unknown}
 v - a scroll of blinking {unknown}
 x - a scroll of identify
 A - a scroll of remove curse {unknown}
 C - a scroll of fog {unknown}
Potions
 b - a potion of brilliance
 e - a potion of mutation
 f - a potion of invisibility
 g - a potion of curing
 h - a potion of might
 k - a potion of resistance
 p - a potion of cancellation
Comestibles
 c - 13 rations
 z - 7 chunks of flesh


   Skills:
 - Level 4.0 Fighting
 + Level 3.3 Dodging
 - Level 2.0 Stealth
 - Level 4.2 Spellcasting
 - Level 4.5 Conjurations
 - Level 6.0 Air Magic


You had 8 spell levels left.
You knew the following spells:

 Your Spells              Type           Power        Failure   Level  Hunger
a - Shock                 Conj/Air       ###.         2%          1    None
b - Swiftness             Chrm/Air       ##......     11%         2    ##.....
c - Static Discharge      Conj/Air       ###.....     9%          3    ###....

Your spell library contained the following spells:

 Spells                   Type           Power        Failure   Level  Hunger
 Airstrike                Air            ###.......   22%         4    ####...
 Lightning Bolt           Conj/Air       ###.......   61%         5    ######.


Dungeon Overview and Level Annotations

Branches:
Dungeon (5/15)
 Temple: D:4-7

Altars:
Gozag
Nemelex Xobeh
Zin

Shops:
D:5 %

Annotations:
D:3 1 transporter


Innate Abilities, Weirdness & Mutations

You have a beak for a mouth.
You have claws for feet.
You can fly continuously.
Your body sometimes deteriorates upon taking damage.
Your system is resistant to poisons. (rPois)


Message History

You see here a hound corpse.
You butcher the hound corpse.
Things that are here:
2 chunks of flesh; a hound skeleton
Found a trident.
You catch the helpless centaur skeleton completely off-guard!
You hit the centaur skeleton. You peck the centaur skeleton.
The centaur skeleton is moderately damaged.
The centaur skeleton hits you.
You hit the centaur skeleton. You claw the centaur skeleton.
The centaur skeleton is heavily damaged.
The centaur skeleton hits you!
* * * LOW HITPOINT WARNING * * *
Your body deteriorates!
You feel weakened.
You hit the centaur skeleton.
The centaur skeleton is severely damaged.
The centaur skeleton hits you!
* * * LOW HITPOINT WARNING * * *
The centaur skeleton hits you!
You die...

#.# #.# #.#
#.# #%# #.#
#.#
#.###.#######
#)...@.......
#.###Z#######
#.. ####


You could see a centaur skeleton.

Vanquished Creatures
  A centaur (D:5)
  3 wights (D:4)
  2 crimson imps (D:5)
  A hound (D:5)
  2 orc priests
  A centaur skeleton (D:4)
  An iguana (D:4)
  3 orc wizards
  2 worker ants
  Robin (D:2)
  An adder (D:2)
  A worm (D:3)
  4 leopard geckos
  20 orcs
  10 bats
  2 giant cockroaches
  15 goblins
  10 hobgoblins
  6 jackals
  2 quokkas (D:4)
  2 ball pythons
  6 frilled lizards
  6 kobolds
  8 rats
110 creatures vanquished.

Notes
Turn   | Place    | Note
-------+----------+-------------------------------------------
     0 | D:1      | tilp the Tengu Air Elementalist began the quest for the
                  | Orb.
     0 | D:1      | Reached XP level 1. HP: 10/10 MP: 4/4
   105 | D:1      | Reached XP level 2. HP: 15/15 MP: 3/6
   160 | D:1      | Reached skill level 5 in Air Magic
   907 | D:2      | Reached XP level 3. HP: 18/19 MP: 2/7
  1039 | D:2      | Gained mutation: Your body sometimes deteriorates upon
                  | taking damage. [potion of mutation]
  1039 | D:2      | Gained mutation: Your system is resistant to poisons.
                  | (rPois) [potion of mutation]
  1477 | D:2      | Found a glowing silver altar of Zin.
  1535 | D:2      | Reached skill level 6 in Air Magic
  1616 | D:2      | Learned a level 2 spell: Swiftness
  1620 | D:2      | Learned a level 3 spell: Static Discharge
  1664 | D:2      | Noticed Robin
  1675 | D:2      | Killed Robin
  1675 | D:2      | Reached XP level 4. HP: 24/24 MP: 1/8
  2242 | D:3      | Gained mutation: You can fly continuously. [Tengu growth]
  2242 | D:3      | Reached XP level 5. HP: 19/28 MP: 1/11
  2723 | D:3      | Found a sparkling altar of Nemelex Xobeh.
  2723 | D:3      | Found a transporter.
  2723 | D:3      | Noticed a two-headed ogre
  2723 | D:3      | Noticed an ice beast
  2988 | D:4      | Reached skill level 1 in Fighting
  3160 | D:4      | Reached XP level 6. HP: 35/35 MP: 6/13
  3723 | D:4      | Found an opulent altar of Gozag.
  3851 | D:5      | Entered Level 5 of the Dungeon
  3888 | D:5      | Reached XP level 7. HP: 43/43 MP: 11/14
  3940 | D:5      | Found Gekhlo's Food Shop.
  4085 | D:5      | Slain by a centaur skeleton

Levels and vault maps discovered:
D:1:      dpeg_arrival_chambers_temple_mockup, layout_basic,
          minmay_misc_feat_enclosed
D:2:      layout_basic, lemuel_doored_altar, guppyfry_early_lair_pool,
          uniq_robin
D:3:      layout_rooms, grunt_nemelex_the_gamble
D:4:      layout_cave_pools, lemuel_crystal_altar
D:5:      layout_loops_ring, grunt_dithmenos_smoke, serial_shops,
          kennysheep_little_box, first_ration, lightli_sewer_entry_pipes

Skill      XL: |  1  2  3  4  5  6  7 |
---------------+----------------------+-----
Air Magic      | 5 6 |  6.0
Spellcasting   | 3 4 |  4.2
Fighting       | 2 4 |  4.0
Conjurations   | 2 4 |  4.5
Dodging        | 3 |  3.3
Stealth        | |  2.0

Action                   |  1- 3 |  4- 6 |  7- 9 || total
-------------------------+-------+-------+-------++-------
Melee: Short sword       |       |    37 |       ||    37
       Dagger            |       |     7 |       ||     7
       Kick              |       |    10 |     2 ||    12
       Peck              |       |     3 |     7 ||    10
       Spear             |       |     6 |    28 ||    34
Throw: Stone             |     1 |       |       ||     1
       Dart              |       |     6 |       ||     6
 Cast: Shock             |    70 |    93 |    21 ||   184
       Static Discharge  |       |     3 |       ||     3
 Abil: Fly               |       |     1 |       ||     1
  Use: Potion            |     2 |       |       ||     2
       Scroll            |       |     7 |       ||     7
 Stab: Distracted        |       |       |     1 ||     1
  Eat: Chunk             |     3 |     6 |     2 ||    11
Armor: Robe              |     4 |       |       ||     4
       Leather armour    |       |    26 |     1 ||    27
Dodge: Dodged            |    24 |    72 |    10 ||   106

Table legend:
 A = Non-vault XP
 B = Vault XP
 C = Vault XP percentage of total XP
 D = Non-vault monster count
 E = Vault monster count
 F = Vault count percentage of total count
                 A         B        C        D         E       F
            +---------+---------+-------+---------+---------+-------
      Total |     935 |      37 |   3.8 |      98 |      12 |  10.9
            +---------+---------+-------+---------+---------+-------
        D:1 |      29 |       0 |   0.0 |      18 |       0 |   0.0
        D:2 |      35 |      37 |  51.4 |      16 |      12 |  42.9
        D:3 |     114 |       0 |   0.0 |      36 |       0 |   0.0
        D:4 |     374 |       0 |   0.0 |      12 |       0 |   0.0
        D:5 |     383 |       0 |   0.0 |      16 |       0 |   0.0
            +---------+---------+-------+---------+---------+-------
